 Dungeon Crawl Stone Soup version 0.31-a0-1027-gfb7600b534 (webtiles) character file.

Game seed: 2266901778429144893

90 Descartes the Digger (level 4, -2/30 HPs)
             Began as a Formicid Earth Elementalist on Nov 18, 2023.
             Slain by Grinder (4 damage)
             ... on level 3 of the Dungeon.
             The game lasted 00:05:17 (1853 turns).

Descartes the Digger (Formicid Earth Elementalist)  Turns: 1853, Time: 00:05:18

Health: -2/30      AC: 13    Str: 15    XL:     4   Next: 85%
Magic:  3/7        EV:  9    Int: 14    God:
Gold:   47         SH:  0    Dex: 14    Spells: 6/7 levels left

rFire   . . .        h - +1 short sword (elec)
rCold   + . .        (no shield)
rNeg    . . .        l - +7 Kryia's mail coat {PotionHeal*2 rC+}
rPois   .            (helmet unavailable)
rElec   .            (no cloak)
rCorr   .            (no gloves)
SInv    +            (no boots)
Will    .....        (no amulet)
Stlth   +            m - ring of wizardry
HPRegen 0.25/turn    (no ring)
MPRegen 0.10/turn

%: wizardry (x1)
@: studying Fighting
A: permanent stasis, dig shafts and tunnels, antennae 3, four strong arms
a: Dig, Shaft Self


You were on level 3 of the Dungeon.
You visited 1 branch of the dungeon, and saw 3 of its levels.

You collected 47 gold pieces.

Inventory:

Hand Weapons
 h - a +1 short sword of electrocution (weapon)
 i - a +2 short sword of venom
Missiles
 d - 2 poisoned darts
 k - a throwing net
Armour
 l - the +7 Kryia's mail coat (worn) {PotionHeal*2 rC+}
   (You found it on level 2 of the Dungeon)

   PotionHeal*2: Potions heal its wearer twice as much.
   rC+:       It protects you from cold.
Magical Staves
 a - a staff of poison
Jewellery
 m - a ring of wizardry (left hand)
Scrolls
 c - 2 scrolls of teleportation {unknown}
 g - a scroll of identify {unknown}
Potions
 b - a potion of magic
 e - a potion of haste {unknown}
 f - a potion of heal wounds {unknown}
 j - a potion of attraction {unknown}


   Skills:
 + Level 0.0 Fighting
 - Level 1.7 Dodging
 - Level 2.4 Stealth
 - Level 2.1 Spellcasting
 - Level 1.1 Transmutations
 + Level 6.3 Earth Magic


You had 6 spell levels left.
You knew the following spells:

 Your Spells              Type           Power      Damage    Failure   Level
a - Sandblast             Erth           38%        2d10      3%          1

Your spell library contained the following spells:

 Spells                   Type           Power      Damage    Failure   Level
 Passwall                 Tmut/Erth      9%         N/A       13%         2
 Stone Arrow              Conj/Erth      20%        3d8       32%         3
 Petrify                  Tmut/Erth      11%        N/A       61%         4
 Brom's Barrelling Bould  Conj/Erth      10%        2d3       69%         4


Dungeon Overview and Level Annotations

Branches:
Dungeon (3/15)

Altars:

Annotations:
D:3 Grinder


Innate Abilities, Weirdness & Mutations

You cannot be hasted, slowed, berserked, paralysed or teleported.
You can dig through walls and to a lower floor.
You have a pair of large antennae on your head. (SInv)
Your four strong arms can wield two-handed weapons with a shield.


Message History

Confirm with . or Enter, or press ? or * to list all spells.
Aiming: Sandblast (safe; 3% risk of failure)
Press: ? - help, Shift-Dir - straight line, f - Grinder
Aim: Grinder (80% to hit)
The blast of sand hits Grinder.
Grinder is lightly wounded.
Casting: Sandblast (safe; 3% risk of failure)
Confirm with . or Enter, or press ? or * to list all spells.
Aiming: Sandblast (safe; 3% risk of failure)
Press: ? - help, Shift-Dir - straight line, f/p - Grinder
Aim: Grinder (lightly wounded, 80% to hit)
The blast of sand hits Grinder.
Grinder is moderately wounded.
You closely miss Grinder.
Grinder is moderately wounded.
Grinder gestures at you.
You barely resist.
Casting: Sandblast (safe; 3% risk of failure)
Confirm with . or Enter, or press ? or * to list all spells.
Aiming: Sandblast (safe; 3% risk of failure)
Press: ? - help, Shift-Dir - straight line, f/p - Grinder
Aim: Grinder (moderately wounded, 80% to hit)
The blast of sand hits Grinder!
Grinder is heavily wounded.
Grinder hits you!
You writhe in agony.
Grinder closely misses you.
Casting: Sandblast (safe; 3% risk of failure)
Confirm with . or Enter, or press ? or * to list all spells.
Aiming: Sandblast (safe; 3% risk of failure)
Press: ? - help, Shift-Dir - straight line, f/p - Grinder
Aim: Grinder (heavily wounded, 80% to hit)
The blast of sand hits Grinder!
Grinder is severely wounded.
Grinder hits you!
You writhe in agony.
You barely miss Grinder.
Grinder is severely wounded.
Grinder hits you!
* * * LOW HITPOINT WARNING * * *
You writhe in agony.
You die...
Grinder says, "Now the real fun starts!"

#.........# #.....#
#.........##..##..######
#.........##. #...<...#
#.........#. ###..####.#
# #....# #.##.# .#.
#.##.# .....##.##.####
#..5@.......
##...#......
#..####..... ...# .####
#..# # #.. ##


You could see Grinder.

Vanquished Creatures
  An orc priest (D:2)
  2 dart slugs (D:1)
  3 orcs (D:3)
  3 endoplasms (D:2)
  3 hobgoblins
  4 jackals (D:1)
  5 quokkas
  4 ball pythons
  4 bats
  3 frilled lizards
  6 goblins
  10 kobolds
  4 rats
52 creatures vanquished.

Notes
Turn   | Place    | Note
-------+----------+-------------------------------------------
     0 | D:1      | Descartes the Formicid Earth Elementalist began the quest
                  | for the Orb.
     0 | D:1      | Reached XP level 1. HP: 13/13 MP: 3/3
   127 | D:1      | Reached skill level 4 in Earth Magic
   147 | D:1      | Reached XP level 2. HP: 19/19 MP: 0/5
   345 | D:1      | Reached XP level 3. HP: 22/24 MP: 0/6
   386 | D:1      | Reached skill level 5 in Earth Magic
  1153 | D:2      | Found the +7 Kryia's mail coat {PotionHeal*2 rC+}
  1304 | D:2      | Reached XP level 4. HP: 30/30 MP: 5/7
  1670 | D:2      | Reached skill level 6 in Earth Magic
  1847 | D:3      | Noticed Grinder
  1853 | D:3      | Slain by Grinder

Illustrated notes

Levels and vault maps discovered:
D:1:      mrwooster_arrival_statue, layout_rooms, st_stairs_10
D:2:      layout_loops_ring
D:3:      layout_rooms, chequers_garden, uniq_jessica, uniq_grinder

Skill      XL: |  1  2  3  4 |
---------------+-------------+-----
Earth Magic    | 4 5 6 |  6.3
Dodging        | |  1.7
Stealth        | |  2.4
Spellcasting   | |  2.1
Transmutations | |  1.1

Action                     |  1- 3 |  4- 6 || total
---------------------------+-------+-------++-------
  Melee: Short sword       |       |     4 ||     4
   Cast: Sandblast         |    56 |    18 ||    74
 Armour: Robe              |    16 |       ||    16
         Ring mail         |     6 |       ||     6
         Scale mail        |     2 |     3 ||     5
  Dodge: Dodged            |    32 |     3 ||    35

Table legend: (Time is in decaauts)
 A = Elapsed time spent in this place.
 B = Non-inter-level travel time spent in this place.
 C = Inter-level travel time spent in this place.
 D = Time resting spent in this place.
 E = Time spent auto-exploring this place.
 F = Levels seen in this place.
 G = Mean time per level.
                   A        B        C        D        E       F      G
               +--------+--------+--------+--------+--------+-----+--------+
         Total |   1890 |   1831 |     59 |      0 |   1466 |   3 |  630.0 |
       Dungeon |   1890 |   1831 |     59 |      0 |   1466 |   3 |  630.0 |
               +--------+--------+--------+--------+--------+-----+--------+

Top non-repeatable levels by time:
     D:1: 917 daAuts
     D:2: 864 daAuts
     D:3: 108 daAuts
